 Dungeon Crawl Stone Soup version 0.30-a0-586-g23e55c9e0a (webtiles) character file.

Game seed: 7037623945351156775

58 pokeman the Magician (level 3, -1/19 (20) HPs)
             Began as a Deep Elf Hedge Wizard on Jan 3, 2023.
             Slain by a crimson imp (4 damage)
             ... on level 3 of the Dungeon.
             The game lasted 00:02:34 (2224 turns).

pokeman the Magician (Deep Elf Hedge Wizard)        Turns: 2224, Time: 00:02:35

HP:   -1/19 (20)    AC:  3    Str:  7    XL:     3   Next: 75%
MP:   1/11          EV: 12    Int: 20    God:
Gold: 101           SH:  0    Dex: 14    Spells: 4/12 levels left

rFire   . . .      SeeInvis .    a - +0 dagger
rCold   + . .      Faith    .    (no shield)
rNeg    . . .      Spirit   .    b - +0 robe
rPois   .          Reflect  .    e - +0 helmet
rElec   .          Harm     .    (no cloak)
rCorr   .          Rampage  .    (no gloves)
Will    .....                    (no boots)
Stlth   ++                       (no amulet)
HPRegen 0.23/turn                i - ring of protection from cold
MPRegen 0.12/turn                (no ring)

@: drained
A: no striking features
a: no special abilities


You were on level 3 of the Dungeon.
You visited 1 branch of the dungeon, and saw 3 of its levels.

You collected 101 gold pieces.

Inventory:

Hand Weapons
 a - a +0 dagger (weapon)
Armour
 b - a +0 robe (worn)
 e - a +0 helmet (worn)
Jewellery
 i - a ring of protection from cold (left hand)
Scrolls
 f - 3 scrolls of identify {unknown}
 g - a scroll of magic mapping {unknown}
 k - a scroll of brand weapon {unknown}
 n - a scroll of vulnerability {unknown}
 o - 2 scrolls of amnesia {unknown}
Potions
 c - a potion of heal wounds {unknown}
 d - a potion of magic
 h - a potion of haste {unknown}
 j - a potion of invisibility {unknown}
 l - a potion of ambrosia {unknown}
 m - a potion of degeneration {unknown}


   Skills:
 - Level 1.0 Fighting
 - Level 1.0 Armour
 + Level 2.5 Dodging
 + Level 2.4 Stealth
 * Level 5.3 Spellcasting
 + Level 2.0 Conjurations
 - Level 1.1 Summonings
 - Level 1.1 Translocations


You had 4 spell levels left.
You knew the following spells:

 Your Spells              Type           Power      Damage    Failure   Level
a - Magic Dart            Conj           52%        1d5       4%          1
b - Mephitic Cloud        Conj/Pois/Air  8%         N/A       26%         3
c - Call Imp              Summ           9%         N/A       11%         2
d - Blink                 Tloc           18%        N/A       11%         2

Your spell library contained the following spells:

 Spells                   Type           Power      Damage    Failure   Level
 Slow                     Hex            20%        N/A       11%         1
 Cigotuvi's Dreadful Rot  Necr/Pois/Air  10%        N/A       17%         2
 Summon Lightning Spire   Summ/Air       7%         N/A       65%         4
 Airstrike                Air            2%         2d(1-17)  73%         4
 Lightning Bolt           Conj/Air       4%         1d16      90%         5


Dungeon Overview and Level Annotations

Branches:
Dungeon (3/15)

Altars:
Xom


Message History

The crimson imp is lightly wounded.
The crimson imp hits you but does no damage.
Your unstable footing causes you to fumble your attack.
The crimson imp blinks!
Found 8 gold pieces.
The crimson imp barely misses you. x2
The crimson imp attacks as you move away!
The crimson imp hits you. The crimson imp puffs mist at you.
The crimson imp hits you but does no damage.
The crimson imp attacks as you move away!
The crimson imp hits you but does no damage.
The crimson imp blinks!
The crimson imp hits you but does no damage.
The crimson imp closely misses you.
The crimson imp blinks!
The crimson imp hits you with a +1 dagger of chaos.
The crimson imp attacks as you move away!
The crimson imp closely misses you.
The crimson imp attacks as you move away!
The crimson imp closely misses you.
You enter the shallow water.
Moving in this stuff is going to be slow.
The crimson imp closely misses you.
The crimson imp blinks!
The crimson imp hits you but does no damage.
The crimson imp blinks!
The crimson imp closely misses you. x2
The crimson imp hits you with a +1 dagger of chaos.
The crimson imp hits you.
The crimson imp shouts, "Scamper home, thou fragile tickle-brained mendicant!"
The crimson imp blinks!
The crimson imp hits you but does no damage.
The crimson imp blinks!
The crimson imp blinks! x2
The crimson imp hits you with a +1 dagger of chaos.
You feel drained.
The crimson imp hits you with a +1 dagger of chaos.
* * * LOW HITPOINT WARNING * * *
You feel your power leaking away.
The crimson imp attacks as you move away!
The crimson imp barely misses you. The crimson imp barely misses you.
The crimson imp blinks!
The crimson imp hits you.
You die...

.#.##..# #~~≈≈~##.##.#
.......####~≈≈~~......#
##.###.#...~≈≈~..#.####
...........~≈≈~).#.#
#.###.#..##~≈≈~..<.#
####.##~≈≈~#.### # #.
##.5~≈≈~~.#
#§#5##.##~~≈≈~.#
#...#..##.~≈≈~@#
+._.'..##.~≈≈5.#
#..[##....~≈≈~§# #^#^
####.~~≈≈~# # #
#§#####..~≈≈5####.#
###......~≈≈~~....#
.......~~≈≈~..$.##
.......88~≈≈~~88..#
####................


You could see 3 crimson imps.

Vanquished Creatures
  2 adders
  6 ball pythons
  5 endoplasms
  3 giant cockroaches
  3 goblins
  3 hobgoblins
  3 jackals (D:1)
  A quokka (D:2)
  3 bats (D:1)
  A frilled lizard (D:2)
  5 kobolds
  2 rats (D:1)
37 creatures vanquished.

Notes
Turn   | Place    | Note
-------+----------+-------------------------------------------
     0 | D:1      | pokeman the Deep Elf Hedge Wizard began the quest for the
                  | Orb.
     0 | D:1      | Reached XP level 1. HP: 10/10 MP: 7/7
   276 | D:1      | Reached XP level 2. HP: 11/15 MP: 1/9
   862 | D:1      | Reached skill level 5 in Spellcasting
  1206 | D:2      | Reached XP level 3. HP: 20/20 MP: 5/11
  1210 | D:2      | Learned a level 3 spell: Mephitic Cloud
  1213 | D:2      | Learned a level 2 spell: Call Imp
  1216 | D:2      | Learned a level 2 spell: Blink
  1555 | D:2      | Reached skill level 1 in Fighting
  2077 | D:3      | Reached skill level 1 in Armour
  2197 | D:3      | Found a shimmering altar of Xom.
  2224 | D:3      | Slain by a crimson imp

Illustrated notes

Levels and vault maps discovered:
D:1:      amcnicky_arrival_single_pillar, layout_basic
D:2:      layout_loops_cross, serial_park_tiny_2
D:3:      wander_river, layout_loops_cross, led_xom_imps,
          minmay_randomly_rotated_circles

Skill      XL: |  1  2  3 |
---------------+----------+-----
Spellcasting   | 5 |  5.3
Fighting       | 1 |  1.0
Armour         | 1 |  1.0
Conjurations   | 2 |  2.0
Dodging        | |  2.5
Stealth        | |  2.4
Summonings     | |  1.1
Translocations | |  1.1

Action                   || total
-------------------------++-------
Melee: Dagger            ||     9
 Cast: Magic Dart        ||    97
 Stab: Sleeping          ||     1
Armor: Robe              ||    11
Dodge: Dodged            ||    25

Table legend: (Time is in decaauts)
 A = Elapsed time spent in this place.
 B = Non-inter-level travel time spent in this place.
 C = Inter-level travel time spent in this place.
 D = Time resting spent in this place.
 E = Time spent auto-exploring this place.
 F = Levels seen in this place.
 G = Mean time per level.
                   A        B        C        D        E       F      G
               +--------+--------+--------+--------+--------+-----+--------+
         Total |   2234 |   2180 |     54 |     16 |   1931 |   3 |  744.7 |
       Dungeon |   2234 |   2180 |     54 |     16 |   1931 |   3 |  744.7 |
               +--------+--------+--------+--------+--------+-----+--------+

Top non-repeatable levels by time:
     D:1: 1165 daAuts
     D:2: 858 daAuts
     D:3: 211 daAuts
